 Dungeon Crawl Stone Soup version 0.31-a0-229-g1fc7ce93e2 (webtiles) character file.

Game seed: 5983894064959238820

83 Maxmaps the Poker (level 4, -5/36 (38) HPs)
             Began as a Gnoll Reaver on July 6, 2023.
             Slain by a gnoll
             ... wielding a +0 flail
              (8 damage)
             ... on level 3 of the Dungeon.
             The game lasted 00:01:13 (1477 turns).

Maxmaps the Poker (Gnoll Reaver)                    Turns: 1477, Time: 00:01:13

HP:   -5/36 (38)    AC:  5    Str: 11    XL:     4   Next: 44%
MP:   11/11         EV: 11    Int: 15    God:
Gold: 67            SH:  0    Dex: 10    Spells: 12/13 levels left

rFire   . . .        g - +0 eveningstar
rCold   . . .        (no shield)
rNeg    . . .        f - +0 ring mail
rPois   .            (no helmet)
rElec   .            (no cloak)
rCorr   .            (no gloves)
SInv    .            (no boots)
Will    .....        (no amulet)
Stlth   +            (no ring)
HPRegen 0.26/turn    (no ring)
MPRegen 0.12/turn

%: no passive effects
@: drained
A: fangs 1, strong nose, distributed training
a: no special abilities


You were on level 3 of the Dungeon.
You visited 1 branch of the dungeon, and saw 3 of its levels.

You collected 67 gold pieces.

Inventory:

Hand Weapons
 a - a +0 spear
 g - a +0 eveningstar (weapon)
Armour
 b - a +0 leather armour
 f - a +0 ring mail (worn)
Jewellery
 i - an amulet of magic regeneration
Scrolls
 c - a scroll of identify {unknown}
 d - a scroll of enchant armour {unknown}
 e - a scroll of vulnerability {unknown}
 h - a scroll of revelation {unknown}
 j - a scroll of amnesia {unknown}
Potions
 k - a potion of heal wounds {unknown}


   Skills:
 + Level 4.6 Fighting
 + Level 1.2 Short Blades
 + Level 1.2 Long Blades
 + Level 1.2 Axes
 + Level 1.2 Maces & Flails
 + Level 6.6 Polearms
 + Level 1.2 Staves
 + Level 1.2 Ranged Weapons
 + Level 1.2 Throwing
 + Level 1.2 Armour
 + Level 4.6 Dodging
 + Level 1.2 Stealth
 + Level 1.2 Shields
 + Level 1.2 Unarmed Combat
 + Level 5.1 Spellcasting
 + Level 5.5 Conjurations
 + Level 1.0 Hexes
 + Level 1.0 Summonings
 + Level 1.0 Necromancy
 + Level 1.0 Translocations
 + Level 1.0 Transmutations
 + Level 1.0 Fire Magic
 + Level 1.0 Ice Magic
 + Level 1.0 Air Magic
 + Level 1.0 Earth Magic
 + Level 1.0 Poison Magic
 + Level 1.3 Invocations
 + Level 1.2 Evocations


You had 12 spell levels left.
You knew the following spells:

 Your Spells              Type           Power      Damage    Failure   Level
a - Kiss of Death         Conj/Necr      52%        2d9       10%         1

Your spell library contained the following spells:

 Spells                   Type           Power      Damage    Failure   Level
 Momentum Strike          Conj/Tloc      26%        3d8       16%         2
 Hailstorm                Conj/Ice       13%        3d5       30%         3


Dungeon Overview and Level Annotations

Branches:
Dungeon (3/15)

Altars:


Innate Abilities, Weirdness & Mutations

You have very sharp teeth.
Your uncanny sense of smell can sniff out nearby items.
Your experience applies equally to all skills.


Message History

The dart slug launches a dart at you. The slug dart hits you.
* * * LOW HITPOINT WARNING * * *
Things that are here:
a +0 spear; a gnoll corpse You puncture the gnoll!
The gnoll is severely wounded.
The gnoll closely misses you.
A gnoll comes into view. It is wielding a +0 flail.
The dart slug launches a dart at you. The slug dart hits you.
* * * LOW HITPOINT WARNING * * *
You barely miss the gnoll.
The gnoll is severely wounded.
The gnoll shouts!
The gnoll barely misses you. The dart slug launches a dart at you.
The slug dart hits you but does no damage.
You sock the gnoll!
You kill the gnoll!
The gnoll closely misses you. The gnoll hits you with a +0 flail.
* * * LOW HITPOINT WARNING * * *
Your Hexes skill increases to level 1!
Your Summonings skill increases to level 1!
Your Necromancy skill increases to level 1!
Your Translocations skill increases to level 1!
Your Transmutations skill increases to level 1!
Your Fire Magic skill increases to level 1!
Your Ice Magic skill increases to level 1!
Your Air Magic skill increases to level 1!
Your Earth Magic skill increases to level 1!
Your Poison Magic skill increases to level 1!
You sock the gnoll! You bite the gnoll, but do no damage.
The gnoll is severely wounded.
The gnoll hits you with a +0 flail.
* * * LOW HITPOINT WARNING * * *
You hit the gnoll but do no damage.
The gnoll is severely wounded.
The gnoll closely misses you. The gnoll hits you with a +0 flail!
You die...

#.<..'...+ ...
######...###.#
#.......#
#.......#
#.....).#
#.....$.#
#.......#
#....†.w#
#.....)@#
#......g#
##...##..<
#...#.....
#...#......
#...#......
... ...#####
####


You could see a gnoll and a dart slug.

Vanquished Creatures
  2 gnolls (D:3)
  An adder (D:2)
  2 worms
  4 dart slugs
  2 endoplasms
  3 giant cockroaches
  A goblin (D:1)
  5 hobgoblins
  6 jackals (D:1)
  7 ball pythons
  2 bats
  A frilled lizard (D:2)
  2 kobolds
  3 rats
41 creatures vanquished.

Notes
Turn   | Place    | Note
-------+----------+-------------------------------------------
     0 | D:1      | Maxmaps the Gnoll Reaver began the quest for the Orb.
     0 | D:1      | Reached XP level 1. HP: 20/20 MP: 6/6
    84 | D:1      | Reached XP level 2. HP: 20/26 MP: 7/7
   363 | D:1      | Found a faded altar of an unknown god.
   392 | D:1      | Reached skill level 5 in Spellcasting
   392 | D:1      | Reached XP level 3. HP: 31/31 MP: 7/9
   748 | D:1      | Reached skill level 1 in Invocations
  1071 | D:2      | Reached skill level 1 in Short Blades
  1071 | D:2      | Reached skill level 1 in Long Blades
  1071 | D:2      | Reached skill level 1 in Axes
  1071 | D:2      | Reached skill level 1 in Maces & Flails
  1071 | D:2      | Reached skill level 1 in Staves
  1071 | D:2      | Reached skill level 1 in Ranged Weapons
  1071 | D:2      | Reached skill level 1 in Throwing
  1071 | D:2      | Reached skill level 1 in Armour
  1071 | D:2      | Reached skill level 1 in Stealth
  1071 | D:2      | Reached skill level 1 in Shields
  1071 | D:2      | Reached skill level 1 in Unarmed Combat
  1071 | D:2      | Reached skill level 1 in Evocations
  1310 | D:2      | Reached XP level 4. HP: 21/34 MP: 11/11
  1476 | D:3      | Reached skill level 1 in Hexes
  1476 | D:3      | Reached skill level 1 in Summonings
  1476 | D:3      | Reached skill level 1 in Necromancy
  1476 | D:3      | Reached skill level 1 in Translocations
  1476 | D:3      | Reached skill level 1 in Transmutations
  1476 | D:3      | Reached skill level 1 in Fire Magic
  1476 | D:3      | Reached skill level 1 in Ice Magic
  1476 | D:3      | Reached skill level 1 in Air Magic
  1476 | D:3      | Reached skill level 1 in Earth Magic
  1476 | D:3      | Reached skill level 1 in Poison Magic
  1477 | D:3      | Slain by a gnoll

Illustrated notes

Levels and vault maps discovered:
D:1:      matt_arrival_refuge, layout_loops_ring,
          shapermc_ecumenical_altar_mp_urbaneastern
D:2:      layout_basic
D:3:      lemuel_castle_with_subvaults [lemuel_castle_interior_carwin_2],
          layout_basic, mainiacjoe_overflow_six_doors_small

Skill      XL: |  1  2  3  4 |
---------------+-------------+-----
Spellcasting   | 5 |  5.1
Invocations    | 1 |  1.3
Short Blades   | 1 |  1.2
Long Blades    | 1 |  1.2
Axes           | 1 |  1.2
Maces & Flails | 1 |  1.2
Staves         | 1 |  1.2
Ranged Weapons | 1 |  1.2
Throwing       | 1 |  1.2
Armour         | 1 |  1.2
Stealth        | 1 |  1.2
Shields        | 1 |  1.2
Unarmed Combat | 1 |  1.2
Evocations     | 1 |  1.2
Hexes          | 1 |  1.0
Summonings     | 1 |  1.0
Necromancy     | 1 |  1.0
Translocations | 1 |  1.0
Transmutations | 1 |  1.0
Fire Magic     | 1 |  1.0
Ice Magic      | 1 |  1.0
Air Magic      | 1 |  1.0
Earth Magic    | 1 |  1.0
Poison Magic   | 1 |  1.0
Fighting       | |  4.6
Polearms       | |  6.6
Dodging        | |  4.6
Conjurations   | |  5.5

Action                     |  1- 3 |  4- 6 || total
---------------------------+-------+-------++-------
  Melee: Spear             |   124 |       ||   124
         Bite              |     9 |     1 ||    10
         Eveningstar       |     6 |    15 ||    21
         Punch             |     2 |       ||     2
   Cast: Kiss of Death     |     1 |       ||     1
   Stab: Sleeping          |     3 |       ||     3
 Armour: Leather armour    |    17 |       ||    17
         Ring mail         |     3 |     3 ||     6
  Dodge: Dodged            |    59 |    14 ||    73

Table legend: (Time is in decaauts)
 A = Elapsed time spent in this place.
 B = Non-inter-level travel time spent in this place.
 C = Inter-level travel time spent in this place.
 D = Time resting spent in this place.
 E = Time spent auto-exploring this place.
 F = Levels seen in this place.
 G = Mean time per level.
                   A        B        C        D        E       F      G
               +--------+--------+--------+--------+--------+-----+--------+
         Total |   1457 |   1403 |     54 |      0 |   1138 |   3 |  485.7 |
       Dungeon |   1457 |   1403 |     54 |      0 |   1138 |   3 |  485.7 |
               +--------+--------+--------+--------+--------+-----+--------+

Top non-repeatable levels by time:
     D:1: 887 daAuts
     D:2: 535 daAuts
     D:3: 34 daAuts
